 Dungeon Crawl Stone Soup version 0.22-a0-803-gd6d8abe (webtiles) character file.

6802 Gildeon the Thaumaturge (level 10, -6/53 HPs)
             Began as a Deep Elf Conjurer on July 21, 2018.
             Was a Priest of Sif Muna.
             Mangled by an orc warrior
             ... wielding a +0 trident
              (15 damage)
             ... on level 9 of the Dungeon on July 22, 2018.
             The game lasted 01:15:03 (11586 turns).

Gildeon the Thaumaturge (Deep Elf Conjurer)        Turns: 11586, Time: 01:15:04

Health: -6/53      AC:  5    Str:  5    XL:     10   Next: 76%
Magic:  11/26      EV: 17    Int: 35    God:    Sif Muna [***...]
Gold:   447        SH:  0    Dex: 15    Spells: 11/29 levels left

rFire    + . .     SeeInvis .   o - +4 dagger (elec)
rCold    + . .     Gourm    .   (no shield)
rNeg     . . .     Faith    .   q - +0 robe of the Republic {Int+8}
rPois    .         Spirit   .   g - +0 hat
rElec    .         Reflect  .   D - scarf {rC+ rF+}
rCorr    .         Harm     .   s - +2 pair of gloves
MR       +....                  (no boots)
Stlth    ++++......             (no amulet)
HPRegen  0.17/turn              y - +3 ring of intelligence
MPRegen  0.20/turn              n - +1 ring of evasion

@: no status effects
A: no striking features
a: Divine Energy, Channel Magic, Renounce Religion


You were on level 9 of the Dungeon.
You worshipped Sif Muna.
Sif Muna was most pleased with you.
You were not hungry.

You visited 2 branches of the dungeon, and saw 10 of its levels.

You collected 447 gold pieces.

Inventory:

Hand Weapons
 o - a +4 dagger of electrocution (weapon)
Armour
 a - a +2 robe
 g - a +0 hat (worn)
 q - the +0 robe of the Republic (worn) {Int+8}
   (You found it on level 9 of the Dungeon)

   It affects your intelligence (+8).
 s - a +2 pair of gloves (worn)
 D - a scarf of resistance (worn)
Magical Staves
 v - an uncursed staff of cold
 z - an uncursed staff of death
Jewellery
 b - an uncursed ring of protection from cold
 m - an uncursed ring of protection from cold
 n - a +1 ring of evasion (right hand)
 u - an uncursed ring of fire
 y - a +3 ring of intelligence (left hand)
Wands
 k - a wand of polymorph (33)
 t - a wand of flame (39)
 w - a wand of iceblast (8)
 x - a wand of random effects (34)
Scrolls
 p - 2 scrolls of amnesia
 B - 3 scrolls of teleportation
 F - a scroll of remove curse
Potions
 d - 2 potions of curing
 e - a potion of lignification
 f - a potion of brilliance
 h - a potion of cancellation {unknown}
 i - 2 potions of haste
 j - 3 potions of resistance
 l - 2 potions of heal wounds
 r - 3 potions of degeneration {unknown}
 A - 2 potions of flight {unknown}
 C - 2 potions of mutation {unknown}
 G - a potion of invisibility {unknown}
Miscellaneous
 H - a lamp of fire
Comestibles
 c - 10 rations
 E - 8 chunks of flesh


   Skills:
 - Level 2.0 Fighting
 - Level 3.0 Short Blades
 - Level 2.0 Armour
 + Level 6.4 Dodging
 + Level 8.3 Stealth
 - Level 10.0 Spellcasting
 + Level 8.7 Conjurations
 - Level 5.1 Hexes
 - Level 5.0 Translocations
 - Level 5.0 Invocations
 - Level 5.0 Evocations


You had 11 spell levels left.
You knew the following spells:

 Your Spells              Type           Power        Failure   Level  Hunger
a - Magic Dart            Conj           ####         1%          1    None
b - Searing Ray           Conj           ######       1%          2    None
c - Dazzling Spray        Conj/Hex       ######       1%          3    None
d - Iskenderun's Mystic   Conj           ######..     1%          4    None
e - Fulminant Prism       Conj/Hex       ######....   1%          4    None
f - Force Lance           Conj/Tloc      ######..     1%          4    None

Your spell library contained the following spells:

 Spells                   Type           Power        Failure   Level  Hunger


Dungeon Overview and Level Annotations

Branches:
Dungeon (9/15)             Temple (1/1) D:6             Orc (0/2) D:9
   Lair: D:8-11

Altars:
Ashenzari
Cheibriados
Dithmenos
Elyvilon
Fedhas
Gozag
Hepliaklqana
Kikubaaqudgha
Makhleb
Nemelex Xobeh
Okawaru
Qazlal
Ru
Sif Muna
Uskayaw
Vehumet
Wu Jian
Xom
Yredelemnul
Zin
The Shining One
Beogh

Annotations:
D:8 2 runed doors, Mamutox's ghost, novice MiFi
D:9 exclusions: efreet and troll


Message History

(Press . to maintain the ray.)
Casting: Searing Ray (safe; 1% risk of failure)
Confirm with . or Enter, or press ? or * to list all spells.
Aiming: Searing Ray (safe; 1% risk of failure)
Press: ? - help, Shift-Dir - straight line, f/p - orc
Aim: an orc, wielding a dagger and wearing a chain mail The searing ray hits the orc.
The orc is severely wounded. (Press . to maintain the ray.)
The orc priest calls upon Beogh to heal the orc warrior.
The orc warrior is healed somewhat.
The searing ray hits the orc.
You kill the orc!
Sif Muna accepts your kill.
The orc warrior hits you from afar with a trident!!
* * * LOW HITPOINT WARNING * * *
The searing ray hits the orc warrior.
The orc warrior is severely wounded.
The orc warrior hits you from afar with a trident!
You die...

*#### #).# **,,,**
#..# **,,,,,** #..#
***,,,,,,,* #..#
*,,,,,_,,,* #>.#
*,*,,,,,,,* #).#
**,**,,,,,####).#
*,,***,,,##.....#
*,** ****#....@.#
###.*****,*#####o.#
...,,,,,,,* ##*#o.#
..,,,,*####*#.*#o.#
#******.....#.*#).#
# *.....8)##>.# #
*....o'..#).# #
*..⌠..8o))..# #
*.o...#o##..#


You could see an orc warrior, an orc priest and an orc.

Vanquished Creatures
  Gastronok (D:9)
  Pikel (D:5)
  The ghost of Shutra the Slinger, a novice MiHu of Okawaru (D:6)
  Psyche (D:8)
  The ghost of jjfam the Skirmisher, an amateur HOFi (D:3)
  Grinder (D:6)
  Eustachio (D:6)
  A hungry ghost (D:9)
  Menkaure (D:4)
  2 water moccasins
  5 sky beasts
  2 orc warriors (D:9)
  2 ice beasts
  A slave (D:5)
  A necrophage (D:9)
  An ogre (D:6)
  A big kobold (D:8)
  A bullfrog (D:6)
  8 scorpions
  3 wights (D:7)
  3 electric eels (D:6)
  3 crimson imps
  A bullfrog zombie (D:6)
  4 jellies
  3 orc priests
  6 hounds
  Ijyb (D:5)
  2 bullfrog skeletons (D:8)
  3 iguanas
  3 orc wizards
  8 worker ants
  A hound skeleton (D:9)
  3 hound zombies
  7 gnolls
  8 adders
  A shadow imp (D:6)
  2 oozes
  An adder skeleton (D:5)
  5 worms
  A dart slug (D:2)
  8 leopard geckos
  51 orcs
  6 giant cockroaches
  8 goblins
  5 hobgoblins
  16 jackals
  8 kobolds
  6 quokkas
  4 ball pythons
  8 bats
  5 frilled lizards
  4 rats
231 creatures vanquished.

Vanquished Creatures (others)
  5 plants (D:6)
5 creatures vanquished.

Grand Total: 236 creatures vanquished

Notes
Turn   | Place    | Note
-------+----------+-------------------------------------------
     0 | D:1      | Gildeon the Deep Elf Conjurer began the quest for the Orb.
     0 | D:1      | Reached XP level 1. HP: 10/10 MP: 6/6
   519 | D:1      | Reached XP level 2. HP: 15/15 MP: 4/8
   523 | D:1      | Learned a level 2 spell: Searing Ray
  1007 | D:2      | Reached XP level 3. HP: 19/19 MP: 6/10
  1012 | D:2      | Learned a level 3 spell: Dazzling Spray
  1139 | D:2      | Reached skill level 4 in Spellcasting
  1357 | D:2      | Reached skill level 5 in Conjurations
  1514 | D:2      | Reached XP level 4. HP: 24/24 MP: 6/12
  2081 | D:2      | Found a snail-covered altar of Cheibriados.
  2547 | D:2      | Reached XP level 5. HP: 24/28 MP: 11/14
  2556 | D:2      | Learned a level 4 spell: Iskenderun's Mystic Blast
  2607 | D:3      | Found a runed gate.
  2608 | D:3      | Found a runed gate.
  2748 | D:3      | Found a runed gate.
  2757 | D:3      | Reached skill level 5 in Spellcasting
  2763 | D:3      | Learned a level 4 spell: Force Lance
  2765 | D:3      | Noticed jjfam's ghost (amateur HOFi)
  2955 | D:3      | Found a hide-covered altar of Uskayaw.
  3141 | D:3      | Reached skill level 1 in Hexes
  3399 | D:4      | Noticed Menkaure
  3413 | D:4      | Killed Menkaure
  3413 | D:4      | Reached skill level 5 in Stealth
  3413 | D:4      | Reached XP level 6. HP: 11/33 MP: 8/15
  3420 | D:4      | Reached skill level 1 in Short Blades
  3829 | D:4      | Reached skill level 1 in Fighting
  3829 | D:4      | Reached skill level 1 in Armour
  4004 | D:4      | Reached skill level 1 in Evocations
  4116 | D:4      | Reached XP level 7. HP: 32/38 MP: 0/16
  4275 | D:5      | Entered Level 5 of the Dungeon
  4574 | D:5      | Reached skill level 5 in Dodging
  4968 | D:5      | Noticed Ijyb
  4997 | D:5      | Killed Ijyb
  5328 | D:5      | Reached skill level 1 in Translocations
  5382 | D:5      | Found a shattered altar of Ashenzari.
  5392 | D:5      | Noticed Pikel
  5582 | D:6      | Reached XP level 8. HP: 32/44 MP: 12/17
  5641 | D:6      | Noticed Eustachio
  5657 | D:6      | Killed Eustachio
  5921 | D:6      | Found an iron altar of Okawaru.
  5974 | D:6      | Found a staircase to the Ecumenical Temple.
  5981 | D:6      | Reached skill level 5 in Hexes
  5990 | Temple   | Entered the Ecumenical Temple
  6026 | Temple   | Became a worshipper of Sif Muna the Loreminder
  6538 | D:6      | Noticed Shutra's ghost (novice MiHu)
  6544 | D:6      | Found a runed door.
  6638 | D:6      | Learned a level 4 spell: Fulminant Prism
  6923 | D:6      | Noticed Grinder
  6941 | D:6      | Killed Grinder
  6941 | D:6      | Reached * piety under Sif Muna
  6941 | D:6      | Reached skill level 6 in Spellcasting
  6941 | D:6      | Reached skill level 5 in Evocations
  6948 | D:6      | Reached XP level 9. HP: 33/48 MP: 8/20
  7076 | D:6      | Reached skill level 1 in Invocations
  7139 | D:6      | Found a shattered altar of Ashenzari.
  7139 | D:6      | Found an opulent altar of Gozag.
  7139 | D:6      | Found a shadowy altar of Dithmenos.
  7140 | D:6      | Found a shimmering altar of Xom.
  7141 | D:6      | Found an ornate altar of the Wu Jian Council.
  7144 | D:6      | Found a hazy altar of Hepliaklqana.
  7506 | D:7      | Reached skill level 7 in Spellcasting
  7662 | D:7      | Reached skill level 5 in Translocations
  8139 | D:7      | Found a basalt altar of Yredelemnul.
  8190 | D:7      | Found a white marble altar of Elyvilon.
  9330 | D:8      | Reached skill level 8 in Spellcasting
  9466 | D:8      | Reached ** piety under Sif Muna
  9642 | D:8      | Noticed Psyche
  9653 | D:8      | Killed Psyche
 10004 | D:8      | Found a large runed door.
 10005 | D:8      | Found a large runed door.
 10008 | D:8      | Noticed Mamutox's ghost (novice MiFi)
 10223 | D:9      | Got a bloodstained robe
 10266 | D:9      | Identified the cursed +0 robe of the Republic {Int+8} (You found it on level 9 of the Dungeon)
 10272 | D:9      | Noticed an efreet
 10324 | D:9      | Reached skill level 5 in Invocations
 10350 | D:9      | Noticed a troll
 10370 | D:9      | Noticed Gastronok
 10415 | D:9      | Killed Gastronok
 10415 | D:9      | Reached skill level 10 in Spellcasting
 10415 | D:9      | Reached XP level 10. HP: 31/53 MP: 4/26
 10708 | D:3      | Killed jjfam's ghost
 10896 | D:5      | Killed Pikel
 10999 | D:6      | Killed Shutra's ghost
 11131 | D:9      | Found a radiant altar of Vehumet.
 11186 | D:9      | Upgraded the game from 0.22-a0-799-g88f5e90 to 0.22-a0-803-gd6d8abe
 11212 | D:9      | Reached *** piety under Sif Muna
 11416 | D:9      | Found a roughly hewn altar of Beogh.
 11416 | D:9      | Found a staircase to the Orcish Mines.
 11586 | D:9      | Mangled by an orc warrior

Vault maps used:
D:1:      ebering_hopf_link, hangedman_decor_riveting, minmay_tromino_v4_c
D:2:      minmay_door_path, cheibriados_altar_1, kennysheep_generic_room_5
D:3:      lemuel_doored_altar, ebering_ghost_rock_garden,
          kennysheep_generic_room_9
D:4:      uniq_menkaure
D:5:      lemuel_upstairs_altar, first_ration, cheibrodos_ashenzari_chains,
          uniq_pikel, uniq_ijyb
D:6:      minitemple, minmay_temple_entry_hall, hellmonk_ghost_happy_afterlife,
          serial_bayou_lake_a, uniq_grinder, uniq_eustachio
D:7:      kennysheep_ying_yang
D:8:      ebering_ghost_disaster_area, uniq_psyche
D:9:      lemuel_round_altar, nicolae_overflow_crystal_walls, david_orc_5,
          david_nohive_1, uniq_gastronok
Temple:   jpeg_temple_island

Skill      XL: |  1  2  3  4  5  6  7  8  9 10 |
---------------+-------------------------------+-----
Stealth        | 3 4 5 6 8 |  8.3
Spellcasting   | 4 5 6 10 | 10.0
Conjurations   | 5 7 8 |  8.7
Dodging        | 3 4 5 6 |  6.4
Hexes          | 1 2 4 5 |  5.1
Short Blades   | 1 2 3 |  3.0
Fighting       | 1 2 |  2.0
Armour         | 1 2 |  2.0
Evocations     | 1 3 5 |  5.0
Translocations | 1 4 5 |  5.0
Invocations    | 5 |  5.0

Action                   |  1- 3 |  4- 6 |  7- 9 | 10-12 || total
-------------------------+-------+-------+-------+-------++-------
Melee: Dagger            |    13 |    43 |    89 |    24 ||   169
 Cast: Magic Dart        |    61 |   126 |   169 |    19 ||   375
       Searing Ray       |       |     6 |    39 |     6 ||    51
       Dazzling Spray    |       |       |     2 |     5 ||     7
       Force Lance       |       |       |     7 |     7 ||    14
       Iskenderun's Myst |       |       |     1 |     3 ||     4
  Use: Scroll            |     8 |     5 |    16 |       ||    29
       Potion            |       |     2 |     3 |     1 ||     6
 Stab: Sleeping          |       |    15 |    13 |     3 ||    31
       Invisible         |       |       |     1 |       ||     1
  Eat: Ration            |     1 |       |     5 |     1 ||     7
       Chunk             |       |     6 |     4 |       ||    10
Armor: Robe              |     2 |    14 |    36 |     8 ||    60
       Skin              |       |     1 |       |       ||     1
Dodge: Dodged            |    24 |    78 |   149 |    31 ||   282

Table legend:
 A = Spawn XP
 B = Non-spawn XP
 C = Spawn XP percentage of total XP
 D = Spawn monster count
 E = Non-spawn monster count
 F = Spawn count percentage of total count
 G = Total turns spent on level
                    A         B        C        D         E        F      G
               +---------+---------+-------+---------+---------+-------+---------
         Total |       0 |    9718 |   0.0 |       0 |     230 |   0.0 | 11586
               +---------+---------+-------+---------+---------+-------+---------
           D:1 |       0 |      14 |   0.0 |       0 |      10 |   0.0 |   652
           D:2 |       0 |     188 |   0.0 |       0 |      37 |   0.0 |  1953
           D:3 |       0 |     438 |   0.0 |       0 |      30 |   0.0 |   764
           D:4 |       0 |     487 |   0.0 |       0 |      29 |   0.0 |  1063
           D:5 |       0 |    1254 |   0.0 |       0 |      22 |   0.0 |  1412
           D:6 |       0 |    2133 |   0.0 |       0 |      40 |   0.0 |  1832
           D:7 |       0 |     683 |   0.0 |       0 |      14 |   0.0 |  1227
           D:8 |       0 |    1220 |   0.0 |       0 |      20 |   0.0 |  1577
           D:9 |       0 |    3301 |   0.0 |       0 |      28 |   0.0 |   875
               +---------+---------+-------+---------+---------+-------+---------
